 Dungeon Crawl Stone Soup version 0.31-a0-844-gdc52ec4e09 (webtiles) character file.

Game seed: 5227593210991525757

25 TheScarfBastard the Trooper (level 2, -19/36 HPs)
             Began as a Demonspawn Berserker on Sept 30, 2023.
             Was a Follower of Trog.
             Demolished by an ogre
             ... wielding a +0 giant spiked club
              (29 damage)
             ... on level 3 of the Dungeon.
             The game lasted 00:03:43 (1109 turns).

TheScarfBastard the Trooper (Demonspawn Berserker)  Turns: 1109, Time: 00:03:43

Health: -19/36     AC:  6    Str: 17    XL:     2   Next: 82%
Magic:  2/2        EV: 11    Int:  8    God:    Trog [*.....]
Gold:   99         SH:  0    Dex: 12    Spells: 1/1 levels left

rFire   . . .        a - +0 hand axe
rCold   . . .        (no shield)
rNeg    . . .        j - +0 ring mail
rPois   .            (no helmet)
rElec   .            (no cloak)
rCorr   .            (no gloves)
SInv    .            c - +0 pair of boots
Will    .....        (no amulet) Stlth
                     (no ring)
HPRegen 0.26/turn    (no ring)
MPRegen 0.08/turn

%: no passive effects
@: berserking, very quick
A: powered by death 1
a: Renounce Religion, Berserk


You were on level 3 of the Dungeon.
You worshipped Trog.
Trog was aware of your devotion.
You visited 1 branch of the dungeon, and saw 3 of its levels.

You collected 99 gold pieces.

Inventory:

Hand Weapons
 a - a +0 hand axe (weapon)
 g - a +4 dagger of venom
Armour
 b - a +0 animal skin
 c - a +0 pair of boots (worn)
 e - a +0 leather armour
 j - a +0 ring mail (worn)
Talismans
 k - a storm talisman
Scrolls
 d - 2 scrolls of teleportation
 i - a scroll of vulnerability {unknown}
 l - a scroll of enchant weapon {unknown}
Potions
 f - a potion of lignification
 h - a potion of enlightenment {unknown}


   Skills:
 + Level 3.3 Fighting
 + Level 3.2 Axes
 + Level 2.0 Armour
 + Level 1.9 Dodging
 + Level 0.2 Stealth


You had one spell level left.
You didn't know any spells.
Your spell library was empty.

Dungeon Overview and Level Annotations

Branches:
Dungeon (3/15)

Altars:


Innate Abilities, Weirdness & Mutations

You regenerate a little health from kills.


Message History

Trog accepts your kill.
HP restored.
There is a stone staircase leading down here.
There is an open door here.
Found a book of Decay and 6 stones.
l - a scroll labelled GINTIQ ODUPNASM
Found 5 stones.
A quokka comes into view.
You see here 2 gold pieces.
You hit the quokka.
You kill the quokka!
Trog accepts your kill.
d - 2 scrolls of teleportation (gained 1)
You now have 86 gold pieces (gained 2).
You open the door.
There is an open door here.
A malevolent force fills the Dungeon...
You fall into a shaft and drop 1 floor!
The shaft crumbles and collapses.
You hear the sound of rushing water.
There is an entrance to a sewer on this level.
Hurry and find it before the portal rusts away!
Found 13 gold pieces.
Found an escape hatch in the floor.
You now have 99 gold pieces (gained 13).
An ogre comes into view. It is wielding a +0 giant spiked club.
The ogre shouts!
The ogre hits you with a +0 giant spiked club!!
Ouch! That really hurt!
* * * LOW HITPOINT WARNING * * *
A red film seems to cover your vision as you go berserk!
You feel yourself moving faster!
You feel mighty!
You slash the ogre!
The ogre is moderately wounded.
The ogre barely misses you.
You barely miss the ogre.
The ogre is moderately wounded.
You slash the ogre!
The ogre is severely wounded.
The ogre hits you with a +0 giant spiked club!!
Ouch! That really hurt!
You die...

### ..# #.# +.#
.## #####.#
.....#####.....#
#........#.@#
#........##O.#
#.#.###>###..#
#... ##...#.#
....# #.# .#
##.. ..... #.#
##... #. ###


You could see an ogre.

Vanquished Creatures
  3 endoplasms
  A giant cockroach (D:2)
  2 goblins (D:1)
  2 hobgoblins (D:1)
  3 kobolds
  A quokka (D:2)
  2 ball pythons (D:1)
  4 bats
  5 rats
23 creatures vanquished.

Notes
Turn   | Place    | Note
-------+----------+-------------------------------------------
     0 | D:1      | TheScarfBastard the Demonspawn Berserker began the quest
                  | for the Orb.
     0 | D:1      | Reached XP level 1. HP: 18/18 MP: 1/1
   211 | D:1      | Gained mutation: You regenerate a little health from kills.
                  | [demonic ancestry]
   211 | D:1      | Reached XP level 2. HP: 23/24 MP: 2/2
  1092 | D:2      | You fall into a shaft and drop 1 floor!
  1102 | D:3      | Noticed an ogre
  1109 | D:3      | Demolished by an ogre

Illustrated notes

Levels and vault maps discovered:
D:1:      saegor_arrival_miasma, layout_loops_ring
D:2:      layout_basic, minmay_misc_feat_five
D:3:      layout_loops_ring, mainiacjoe_overflow_surrounded_room,
          gup_sewer_entry_bubbles, serial_park_tiny_1, serial_bayou_pond_d,
          minmay_circle_x, uniq_ijyb

Skill      XL: |  1  2 |
---------------+-------+-----
Axes           | 3 |  3.2
Armour         | 2 |  2.0
Fighting       | |  3.3
Dodging        | |  1.9
Stealth        | |  0.2

Action                     || total
---------------------------++-------
  Melee: Hand axe          ||    63
         Punch             ||     2
 Invoke: Berserk           ||     2
    Use: Scroll            ||     1
         Potion            ||     1
   Stab: Sleeping          ||     1
 Armour: Animal skin       ||    15
         Leather armour    ||     8
         Ring mail         ||     2
  Dodge: Dodged            ||    55

Table legend: (Time is in decaauts)
 A = Elapsed time spent in this place.
 B = Non-inter-level travel time spent in this place.
 C = Inter-level travel time spent in this place.
 D = Time resting spent in this place.
 E = Time spent auto-exploring this place.
 F = Levels seen in this place.
 G = Mean time per level.
                   A        B        C        D        E       F      G
               +--------+--------+--------+--------+--------+-----+--------+
         Total |   1125 |   1099 |     26 |      0 |    693 |   3 |  375.0 |
       Dungeon |   1125 |   1099 |     26 |      0 |    693 |   3 |  375.0 |
               +--------+--------+--------+--------+--------+-----+--------+

Top non-repeatable levels by time:
     D:1: 793 daAuts
     D:2: 315 daAuts
     D:3: 16 daAuts
